 Dungeon Crawl Stone Soup version 0.15-a0-717-ga3c592f (webtiles) character file.

7533 PolkaDot the Cruncher (level 10, -3/67 HPs)
             Began as a Vampire Assassin on May 10, 2014.
             Was an Elder of Qazlal.
             Slain by a two-headed ogre
             ... wielding a +0,+0 giant club
              (18 damage)
             ... on Level 10 of the Dungeon.
             The game lasted 00:40:38 (8512 turns).

PolkaDot the Cruncher (Vampire Assassin)            Turns: 8512, Time: 00:40:38

HP  -3/67        AC  8     Str 10      XL: 10   Next: 96%
MP   0/18        EV 13     Int 13      God: Qazlal [****..]
Gold 576         SH 10     Dex 18      Spells:  1 memorised,  6 levels left

rFire  . . .     SeeInvis +     a - +4,+2 lajatang
rCold  . . .     Clarity  .     v - +0 leather armour
rNeg   . . .     Conserve .     (no shield)
rPois  .         rCorr    .     C - +0 helmet
rElec  .         rRot     .     d - +0 cloak
SustAb . .       Spirit   +     (no gloves)
rMut   .         Warding  .     J - +1 pair of boots
Gourm  .         Rnd*Tele +     p - amulet of guardian spirit
MR     ++...                    I - ring of teleportation
                                g - ring of wizardry

@: repel missiles, regenerating quickly, very resistant to hostile enchantments,
fairly stealthy
A: bottle blood, fangs 3, see invisible, magic resistance 1, unbreathing
a: Bottle Blood, Upheaval, Elemental Force, Renounce Religion, Evoke
Teleportation


You were on level 10 of the Dungeon.
You worshipped Qazlal.
Qazlal was greatly pleased with you.
You were very full.

You visited 2 branches of the dungeon, and saw 11 of its levels.
You also visited: Sewer.

You collected 576 gold pieces.

Inventory:

Hand weapons
 a - a +4,+2 lajatang (weapon)
 b - a +0 blowgun
Missiles
 e - 45 poisoned needles
 f - 2 curare-tipped needles
Armour
 d - a +0 cloak (worn)
 v - a +0 leather armour (worn)
 C - a +0 helmet (worn)
 J - a +1 pair of boots (worn)
Magical devices
 i - a wand of fireball (0)
 n - a wand of disintegration (4)
 o - a wand of paralysis (6)
 r - a wand of frost (23)
 F - a wand of draining (4)
 G - a wand of disintegration (10)
Scrolls
 c - a scroll of magic mapping
 h - 3 scrolls of fog
 j - a scroll of blinking
 k - a scroll of holy word {unknown}
 l - 8 scrolls of teleportation
 q - a scroll of immolation {unknown}
 t - a scroll of recharging
 y - 5 scrolls of remove curse
Jewellery
 g - a ring of wizardry (left hand)
 p - an amulet of guardian spirit (around neck)
 I - a ring of teleportation (right hand)
Potions
 m - 6 potions of cure mutation {!q}
 s - a potion of restore abilities
 u - 2 potions of flight
 w - a potion of mutation {!q}
 z - a potion of degeneration {unknown}
 B - a potion of paralysis {unknown}
 D - 3 potions of magic {unknown}
 E - a potion of invisibility {unknown}
 H - a potion of brilliance {unknown}
Books
 x - a book of Ice

   Spells                             Type                      Level
   Metabolic Englaciation             Hexes/Ice                    5
   Ozocubu's Refrigeration            Ice                          6
   Bolt of Cold                       Conjuration/Ice              6
   Freezing Cloud                     Conjuration/Ice/Air          6
   Simulacrum                         Ice/Necromancy               6
 A - a book of Dreams

   Spells                             Type                      Level
   Ensorcelled Hibernation            Hexes/Ice                    2
   *Flight                            Charms/Air                   3
   Phase Shift                        Translocation                5
   Shadow Creatures                   Summoning                    5
   Mass Confusion                     Hexes                        6
   Darkness                           Hexes                        7


   Skills:
 - Level 1.7 Fighting
   Level 5.3 Short Blades
 * Level 10.4 Staves
 - Level 1.5 Throwing
 - Level 4.8 Armour
 + Level 4.2 Dodging
 - Level 7.3 Stealth
 + Level 5.2 Invocations
 - Level 3.9 Evocations


You had 6 spell levels left.
You knew the following spells:

 Your Spells              Type           Power        Failure   Level  Hunger
F - Flight                Chrm/Air       #.........   52%         3    ####...


Dungeon Overview and Level Annotations

Branches:
Dungeon (10/15)            Temple (1/1) D:5             Orc (0/4) D:9
   Lair: D:8-11

Altars:
Ashenzari
Cheibriados
Dithmenos
Elyvilon
Fedhas
Gozag
Kikubaaqudgha
Makhleb
Nemelex Xobeh
Okawaru
Qazlal
Sif Muna
Trog
Vehumet
Xom
Yredelemnul
Zin
The Shining One


Innate Abilities, Weirdness & Mutations

Your natural rate of healing is unusually fast.
You can bottle blood from corpses.
You have razor-sharp teeth.*
You have supernaturally acute eyesight.
You can survive without breathing.*
You are resistant to hostile enchantments.+


Message History

You adapt resistances upon receiving elemental damage.
The storm surrounding you grows powerful enough to repel missiles.
You hit the two-headed ogre.
The two-headed ogre is heavily wounded.
The two-headed ogre hits you with a giant club!
* * * LOW MAGIC WARNING * * *
You block the two-headed ogre's attack.
You hit the two-headed ogre.
The two-headed ogre is heavily wounded.
The two-headed ogre hits you with a giant club.
The two-headed ogre hits you with a giant club!
* * * LOW MAGIC WARNING * * *;
* * * LOW HITPOINT WARNING * * *
You slash the two-headed ogre! You bite the two-headed ogre.
The two-headed ogre is almost dead.
You barely miss the two-headed ogre.
The two-headed ogre is almost dead.
You block the two-headed ogre's attack.
The two-headed ogre hits you with a giant club!
* * * LOW MAGIC WARNING * * *
You die...

........>........................
.................................
..................#..............
.......#..........##.............
..#....#.........)#..............
......###................#...§...
... ##......#.....###........
#....§.#O§%#####........
#.....§@###...##......>.
#.......§.#§............
###.......#.............
#.........##............
#.......####..........<.
#.........##............
##......................
#....#.................
###..............(.......


You could see a two-headed ogre.

Vanquished Creatures
  A hill giant (D:10)
  A troll (D:9)
  2 deep elf magi
  A spriggan (D:10)
  9 yaks
  2 hungry ghosts
  3 vampire mosquitoes (D:10)
  3 orc warriors
  2 black bears
  3 ogres
  2 ice beasts
  A sky beast (D:10)
  2 phantoms (D:4)
  A necrophage (D:8)
  3 centaurs
  Sigmund (D:2)
  4 big kobolds (Sewer)
  Blork the orc (D:9)
  A gnoll sergeant (D:8)
  A cyclops zombie (D:9)
  7 giant frogs
  A scorpion (D:7)
  10 killer bees
  2 goliath beetles
  2 crimson imps
  6 hounds
  A giant frog zombie (D:3)
  4 orc priests
  A two-headed ogre zombie (D:6)
  A jelly (D:6)
  6 iguanas
  9 worker ants
  Jessica (D:2)
  An ogre zombie (D:10)
  2 hound skeletons (D:9)
  A hound zombie (D:5)
  11 gnolls
  12 adders
  2 green rats (Sewer)
  A shadow imp (D:7)
  2 giant mites
  7 worms
  2 adder skeletons
  4 giant geckos
  28 orcs
  13 goblins
  4 green rat skeletons (Sewer)
  11 hobgoblins
  3 jackals (D:5)
  19 kobolds
  5 quokkas
  2 ball pythons
  10 bats
  7 giant cockroaches
  2 giant gecko skeletons (D:4)
  4 giant newts
  A goblin skeleton (D:5)
  2 green rat zombies (Sewer)
  2 hobgoblin skeletons (D:4)
  An orc skeleton (D:6)
  An orc zombie (D:8)
  18 rats
  A rat skeleton (Sewer)
  4 rat zombies
  2 plants (D:1)
280 creatures vanquished.

Vanquished Creatures (others)
  An orc (D:6)
  A giant spore (D:6)
2 creatures vanquished.

Grand Total: 282 creatures vanquished

Notes
Turn   | Place    | Note
--------------------------------------------------------------
     0 | D:1      | PolkaDot, the Vampire Assassin, began the quest for the Orb.
     0 | D:1      | Reached XP level 1. HP: 16/16 MP: 1/1
    66 | D:1      | Reached skill level 6 in Stealth
   115 | D:1      | Reached XP level 2. HP: 4/22 MP: 2/2
   684 | D:1      | Reached XP level 3. HP: 27/27 MP: 3/3
  1028 | D:2      | Noticed Jessica
  1039 | D:2      | Killed Jessica
  1387 | D:2      | Noticed Sigmund
  1403 | D:2      | Killed Sigmund
  1403 | D:2      | Reached skill level 7 in Stealth
  1403 | D:2      | Reached XP level 4. HP: 7/33 MP: 4/4
  1770 | D:3      | Reached skill level 5 in Short Blades
  1770 | D:3      | Reached XP level 5. HP: 38/38 MP: 5/5
  2059 | D:3      | Reached skill level 1 in Staves
  2573 | D:4      | Noticed a phantom
  2611 | D:4      | Killed a phantom
  2611 | D:4      | Reached XP level 6. HP: 25/44 MP: 4/6
  2626 | D:4      | Reached skill level 1 in Armour
  2929 | D:4      | Noticed an ogre
  2956 | D:4      | Killed an ogre
  2956 | D:4      | Reached XP level 7. HP: 25/49 MP: 1/7
  3199 | D:4      | Learned a level 3 spell: Flight
  3356 | D:4      | Found a shadowy altar of Dithmenos.
  3356 | D:4      | Noticed a phantom
  3363 | D:4      | Killed a phantom
  3564 | D:5      | Entered Level 5 of the Dungeon
  3570 | D:5      | Gained mutation: You are resistant to hostile enchantments. [potion of beneficial mutation]
  3899 | D:5      | Found a staircase to the Ecumenical Temple.
  3905 | Temple   | Entered the Ecumenical Temple
  3999 | Temple   | Became a worshipper of Qazlal Stormbringer
  4373 | D:5      | Reached skill level 5 in Staves
  4532 | D:6      | Found a glowing drain.
  4563 | D:6      | Reached XP level 8. HP: 51/55 MP: 5/8
  4605 | Sewer    | Entered a sewer
  4809 | Sewer    | Acquired Qazlal's first power
  5678 | D:7      | Reached XP level 9. HP: 61/61 MP: 9/9
  5880 | D:7      | Acquired Qazlal's second power
  6048 | D:7      | Reached skill level 1 in Invocations
  6277 | D:8      | Reached skill level 8 in Staves
  6510 | D:8      | Acquired Qazlal's third power
  7091 | D:9      | Noticed Blork the orc
  7178 | D:9      | Reached skill level 1 in Evocations
  7178 | D:9      | Reached XP level 10. HP: 63/63 MP: 16/16
  7223 | D:9      | Reached skill level 9 in Staves
  7383 | D:9      | Killed Blork the orc
  7933 | D:9      | Found a staircase to the Orcish Mines.
  7994 | D:10     | Entered Level 10 of the Dungeon
  8033 | D:10     | Noticed a hill giant
  8338 | D:10     | Acquired Qazlal's fourth power
  8400 | D:10     | Reached skill level 10 in Staves
  8406 | D:10     | Killed a hill giant
  8409 | D:10     | Reached skill level 5 in Invocations
  8512 | D:10     | Slain by a two-headed ogre

Action                   |  1- 3 |  4- 6 |  7- 9 | 10-12 || total
-------------------------+-------+-------+-------+-------++-------
Melee: Dagger            |   233 |    49 |       |       ||   282
       Lajatang          |       |   105 |   514 |   221 ||   840
 Fire: Blowgun           |     8 |       |       |       ||     8
Invok: Upheaval          |       |       |       |     2 ||     2
Evoke: Wand              |       |     6 |     2 |       ||     8
  Use: Potion            |     1 |     1 |    18 |     8 ||    28
       Scroll            |     8 |     9 |    11 |     3 ||    31
 Stab: Sleeping          |     4 |    10 |     7 |       ||    21
       Distracted        |       |       |     1 |       ||     1
